 Dungeon Crawl Stone Soup version 0.27-a0-1149-g4505690ab0 (webtiles) character file.

Game seed: 6000627774924100944

82 boo the Poker (level 4, -3/35 HPs)
             Began as a Merfolk Gladiator on May 12, 2021.
             Slain by a hornet zombie (10 damage)
             ... on level 3 of the Dungeon.
             The game lasted 00:02:27 (2276 turns).

boo the Poker (Merfolk Gladiator)                   Turns: 2276, Time: 00:02:28

Health: -3/35      AC:  4    Str: 15    XL:     4   Next: 43%
Magic:  4/4        EV: 13    Int:  7    God:
Gold:   60         SH:  0    Dex: 15    Spells: 3/3 levels left

rFire    . . .     SeeInvis .   a - +0 trident
rCold    + . .     Faith    .   (no shield)
rNeg     . . .     Spirit   .   b - +0 leather armour
rPois    .         Reflect  .   c - +0 helmet
rElec    .         Harm     .   (no cloak)
rCorr    .         Rampage  .   (no gloves)
Will     .....                  (no boots)
Stlth    +.........             (no amulet)
HPRegen  0.11/turn              g - ring of protection from cold
MPRegen  0.09/turn              (no ring)

@: no status effects
A: (nimble swimmer 2), mertail
a: no special abilities


You were on level 3 of the Dungeon.
You visited 1 branch of the dungeon, and saw 3 of its levels.

You collected 60 gold pieces.

Inventory:

Hand Weapons
 a - a +0 trident (weapon)
Missiles
 d - 3 throwing nets (quivered)
Armour
 b - a +0 leather armour (worn)
 c - a +0 helmet (worn)
Jewellery
 g - a ring of protection from cold (left hand)
 k - a ring of magical power
Wands
 h - a wand of iceblast (9)
Scrolls
 e - a scroll of teleportation {unknown}
 f - 2 scrolls of vulnerability {unknown}
 i - a scroll of identify {unknown}
 j - a scroll of magic mapping {unknown}


   Skills:
 + Level 3.1 Fighting
 * Level 6.1 Polearms
 - Level 2.0 Throwing
 + Level 4.8 Dodging


You had 3 spell levels left.
You didn't know any spells.
Your spell library was empty.

Dungeon Overview and Level Annotations

Branches:
Dungeon (3/15)

Altars:

Shops:
D:3 !


Innate Abilities, Weirdness & Mutations

((You are quick and stealthy near water. (Stealth+, EV+, Speed+++)))
Your lower body shifts to a powerful aquatic tail in water.


Message History

The hornet zombie is moderately damaged.
The jackal bites you. x2; The hornet zombie barely misses you.
The jackal closely misses you. x2
Unknown command.
The jackal completely misses you. The jackal bites you. The jackal misses you.
The jackal closely misses you. The jackal barely misses you.
The jackal bites you but does no damage.
The jackal barely misses you.
You puncture the jackal!
You kill the jackal!
You puncture the hornet zombie!
The hornet zombie is moderately damaged.
The hornet zombie hits you but does no damage.
You hit the hornet zombie.
The hornet zombie is moderately damaged.
You puncture the jackal!
You kill the jackal!
You hit the hornet zombie but do no damage.
The hornet zombie is moderately damaged.
The hornet zombie barely misses you.
You barely miss the hornet zombie.
The hornet zombie is moderately damaged.
The hornet zombie barely misses you.
You hit the hornet zombie.
The hornet zombie is heavily damaged.
The hornet zombie barely misses you. The hornet zombie hits you.
You hit the hornet zombie.
The hornet zombie is heavily damaged.
The hornet zombie hits you!
You completely miss the hornet zombie.
The hornet zombie is heavily damaged.
The hornet zombie hits you.
* * * LOW HITPOINT WARNING * * *
You hit the hornet zombie but do no damage.
The hornet zombie is heavily damaged.
The hornet zombie hits you but does no damage.
The hornet zombie hits you!
You die...

....#.##### ####............#
.......... .>..............#
.........### ##.......)....#####
#.........# ###.................
#...##..#>###.......##.....#####
#..$##..#.(...###<............#
##∩............# #.###......##.#
.)...#.........###.# #......##.#
............##.Z@..###.##.####.#
.##..##.....######.....##.# #.#
. #..##.....# ###..###.# #.#
#.........# #..# #.# #.#
#..##...#.# #..# #.# #.#
#..##...#.# #..# #.# #.#
...##...#.### #..# #.# #.......#
#..# #.# ........†.........# #.#


You could see a hornet zombie.

Vanquished Creatures
  An adder (D:2)
  2 worms (D:2)
  A dart slug (D:3)
  10 ball pythons
  2 bats
  9 endoplasms
  2 giant cockroaches
  3 goblins
  5 hobgoblins
  10 jackals
  9 frilled lizards
  2 rats
56 creatures vanquished.

Notes
Turn   | Place    | Note
-------+----------+-------------------------------------------
     0 | D:1      | boo the Merfolk Gladiator began the quest for the Orb.
     0 | D:1      | Reached XP level 1. HP: 16/16 MP: 1/1
    40 | D:1      | Reached XP level 2. HP: 14/23 MP: 2/2
   186 | D:1      | Reached skill level 5 in Polearms
   279 | D:1      | Found a faded altar of an unknown god.
   431 | D:1      | Reached XP level 3. HP: 27/28 MP: 3/3
   924 | D:2      | Reached XP level 4. HP: 22/34 MP: 4/4
  1325 | D:2      | Reached skill level 6 in Polearms
  2233 | D:3      | Found Ynting's Distillery.
  2276 | D:3      | Slain by a hornet zombie

Illustrated notes

Levels and vault maps discovered:
D:1:      amcnicky_arrival_feature_with_door, layout_rooms,
          hellmonk_ecumenical_altar_lost_god
D:2:      layout_basic
D:3:      layout_loops_ring, doesnt_xom_only_xom, fedhas_altar_3, serial_shops,
          shop, uniq_terence

Skill      XL: |  1  2  3  4 |
---------------+-------------+-----
Polearms       | 5 6 |  6.1
Fighting       | 3 |  3.1
Throwing       | |  2.0
Dodging        | |  4.8

Action                   |  1- 3 |  4- 6 || total
-------------------------+-------+-------++-------
Melee: Trident           |    96 |    39 ||   135
 Stab: Sleeping          |     2 |     2 ||     4
Armor: Leather armour    |    13 |    11 ||    24
Dodge: Dodged            |    38 |    29 ||    67

Table legend: (Time is in decaauts)
 A = Elapsed time spent in this place.
 B = Non-inter-level travel time spent in this place.
 C = Inter-level travel time spent in this place.
 D = Time resting spent in this place.
 E = Time spent auto-exploring this place.
 F = Levels seen in this place.
 G = Mean time per level.
                   A        B        C        D        E       F      G
               +--------+--------+--------+--------+--------+-----+--------+
         Total |   2280 |   2135 |    145 |    443 |   1354 |   3 |  760.0 |
       Dungeon |   2280 |   2135 |    145 |    443 |   1354 |   3 |  760.0 |
               +--------+--------+--------+--------+--------+-----+--------+

Top non-repeatable levels by time:
     D:2: 1541 daAuts
     D:1: 633 daAuts
     D:3: 105 daAuts
